 Dungeon Crawl Stone Soup version 0.31-a0-920-g28cbb04a8c (webtiles) character file.

Game seed: 13437538131872056220

2133833 Ge0ff the Octopus-At-Arms (level 27, 187/189 HPs)
             Began as an Octopode Brigand on Oct 17, 2023.
             Was a Believer of Okawaru.
             Escaped with the Orb
             ... and 5 runes on Oct 18, 2023!
             The game lasted 05:50:14 (132409 turns).

Ge0ff the Octopus-At-Arms (Octopode Brigand)      Turns: 132409, Time: 05:50:15

Health: 187/189    AC:  3    Str: 21 (22) XL:     27
Magic:  52/52      EV: 33    Int: 40      God:    Okawaru [**....]
Gold:   2269       SH: 23    Dex: 35      Spells: 1/59 levels left

rFire   + + .        a - +9 dagger of Nulyal {freeze, Int+5}
rCold   + + +        w - +5 kite shield {reflect}
rNeg    + + .        x - +2 hood of the Assassin {Detect Stab+ Stlth++}
rPois   +            Q - amulet "Yneisuji" {Spirit rN+}
rElec   +            D - ring of Xauneag {rF+ Str+2 Int+2 Dex-3}
rCorr   +            L - ring "Wulehis" {rF+ Will+ Int+4 Dex+6}
SInv    .            P - ring of Daffodils {rPois rC++ Str+4 Dex+6}
Will    +++..        i - ring "Jaekhlidi" {rElec rC+ EV+5 Str+4}
Stlth   ++++         p - ring "Caymonot" {rC+ rN+ rCorr}
HPRegen 0.51/turn    r - ring of Lyus {rPois Int+6 Dex+4 Stlth-}
MPRegen 0.33/turn    t - ring "Abbaates" {rC+ MP+9 Str+2 Dex+4 Stlth+}
                     Z - ring of the Mage {Wiz Archmagi}

%: reflection, guardian spirit, wizardry (x1), archmagi
@: no status effects
A: almost no armour, amphibious, 8 rings, camouflage 1, gelatinous body 1,
(nimble swimmer 1), tentacles, antennae 1, inability to read after injury 1
0: Orb of Zot
}: 5/15 runes: decaying, serpentine, slimy, silver, abyssal
a: Renounce Religion, Heroism


You escaped.
You worshipped Okawaru.
Okawaru was pleased with you.
You visited 13 branches of the dungeon, and saw 57 of its levels.
You visited the Abyss 5 times.
You also visited: Trove, Bailey, Gauntlet, Ice Cave, Wizlab and Desolation.

You collected 35333 gold pieces.
You spent 6780 gold pieces at shops.
You paid 26284 gold pieces to Gozag.

Inventory:

Hand Weapons
 a - the +9 dagger of Nulyal (weapon) {freeze, Int+5}
   (You found it in a wizard's laboratory)

   Int+5:     It affects your intelligence (+5).
 b - the +8 dagger of the Priest {venom, rPois SInv}
   (You found it on level 3 of the Elven Halls)

   rPois:     It protects you from poison SInv: It lets you see invisible.
 h - a +7 eudemon blade of holy wrath
Missiles
 f - 8 javelins
 g - 2 throwing nets {=F}
 v - 12 curare-tipped darts {=F}
 G - 25 silver javelins
 Y - 2 boomerangs (quivered)
Armour
 w - a +5 kite shield of reflection (worn)
 x - the +2 hood of the Assassin (worn) {Detect Stab+ Stlth++}
   (You found it on level 3 of the Elven Halls)

   Detect:    It allows the wearer to sense nearby creatures.
   Stab+:     It allows the wearer to make particularly effective stabbing
   attacks against helpless or unaware enemies with any weapon.
   Stlth++:   It makes you much more stealthy.
Jewellery
 i - the ring "Jaekhlidi" (on tentacle) {rElec rC+ EV+5 Str+4}
   (You took it off a frost giant on level 2 of the Depths)

   [ring of evasion]

   EV+5:      It affects your evasion (+5).
   Str+4:     It affects your strength (+4).
   rC+:       It protects you from cold.
   rElec:     It insulates you from electricity.
 p - the ring "Caymonot" (on tentacle) {rC+ rN+ rCorr}
   (You found it in a Gauntlet)

   [ring of protection from cold]

   rC+:       It protects you from cold.
   rN+:       It protects you from negative energy.
   rCorr:     It protects you from acid and corrosion.
 r - the ring of Lyus (on tentacle) {rPois Int+6 Dex+4 Stlth-}
   (You found it on level 3 of the Crypt)

   [ring of intelligence]

   Int+6:     It affects your intelligence (+6).
   Dex+4:     It affects your dexterity (+4).
   rPois:     It protects you from poison Stlth-: It makes you less stealthy.
 t - the ring "Abbaates" (on tentacle) {rC+ MP+9 Str+2 Dex+4 Stlth+}
   (You found it on level 3 of the Elven Halls)

   [ring of protection from cold]

   Str+2:     It affects your strength (+2).
   Dex+4:     It affects your dexterity (+4).
   rC+:       It protects you from cold.
   MP+9:      It affects your magic capacity (+9).
   Stlth+:    It makes you more stealthy.
 A - an amulet of regeneration
 D - the ring of Xauneag (left tentacle) {rF+ Str+2 Int+2 Dex-3}
   (You found it in a Gauntlet)

   [ring of protection from fire]

   Str+2:     It affects your strength (+2).
   Int+2:     It affects your intelligence (+2).
   Dex-3:     It affects your dexterity (-3).
   rF+:       It protects you from fire.
 I - an amulet of faith
 L - the ring "Wulehis" (right tentacle) {rF+ Will+ Int+4 Dex+6}
   (You found it in a treasure trove)

   [ring of dexterity]

   Int+4:     It affects your intelligence (+4).
   Dex+6:     It affects your dexterity (+6).
   rF+:       It protects you from fire.
   Will+:     It increases your willpower.
 P - the ring of Daffodils (on tentacle) {rPois rC++ Str+4 Dex+6}
   (You took it off a ragged hierophant in the Desolation of Salt)

   [ring of dexterity]

   Str+4:     It affects your strength (+4).
   Dex+6:     It affects your dexterity (+6).
   rC++:      It greatly protects you from cold.
   rPois:     It protects you from poison
 Q - the amulet "Yneisuji" (around mantle) {Spirit rN+}
   (You took it off a servant of whispers in the Desolation of Salt)

   [amulet of guardian spirit]

   Spirit:    It causes incoming damage to be divided between your reserves of
   health and magic.
   rN+:       It protects you from negative energy.
 Z - the ring of the Mage (on tentacle) {Wiz Archmagi}
   (You found it in a treasure trove)

   [ring of wizardry]

   Wiz:       It improves your spell success rate.
   Archmagi:  It increases the power of your magical spells.
Wands
 d - a wand of digging (19)
 j - a wand of quicksilver (26)
 k - a wand of iceblast (41)
 s - a wand of mindburst (66)
Scrolls
 y - 5 scrolls of immolation
 B - a scroll of blinking
 C - 9 scrolls of poison
 E - 11 scrolls of fear
 F - 4 scrolls of fog
 J - 2 scrolls of silence {!r}
 T - 16 scrolls of teleportation
 V - 14 scrolls of vulnerability
Potions
 o - 3 potions of ambrosia
 q - 25 potions of curing
 u - 19 potions of mutation {!q}
 z - 2 potions of brilliance
 H - 2 potions of haste {!q}
 K - 2 potions of magic {!q}
 M - 5 potions of might
 N - 11 potions of cancellation {!q}
 R - 2 potions of resistance
 W - 15 potions of heal wounds {!q}
 X - 5 potions of enlightenment
Miscellaneous
 c - a condenser vane
 l - a lightning rod (1/4)
 n - a phial of floods (inert)


   Skills:
 + Level 16.0 Fighting
 - Level 14.0 Short Blades
 - Level 2.0 Throwing
 - Level 12.0 Dodging
 - Level 17.0 Stealth
 - Level 15.0 Shields
 + Level 16.8 Spellcasting
 - Level 10.0 Conjurations
 - Level 20.0 Hexes
 - Level 5.0 Summonings
 - Level 10.0 Necromancy
 - Level 7.0 Translocations
 - Level 7.0 Transmutations
 - Level 8.0 Ice Magic
 - Level 18.0 Air Magic
 - Level 7.0 Earth Magic
 - Level 20.5 Invocations
 - Level 15.0 Evocations


You had one spell level left.
You knew the following spells:

 Your Spells              Type           Power      Damage    Failure   Level
a - Sublimation of Blood  Necr           100%       N/A       1%          2
f - Discord               Hex            69%        N/A       1%          8
g - Apportation           Tloc           100%       N/A       1%          1
h - Lee's Rapid Deconstr  Erth           47%        3d22*     1%          5
k - Borgnjor's Vile Clut  Necr/Erth      50%        N/A       1%          5
m - Iskenderun's Mystic   Conj/Tloc      100%       2d19      1%          4
n - Dispel Undead         Necr           100%       3d31      1%          4
p - Passage of Golubria   Tloc           94%        N/A       1%          4
s - Confusing Touch       Hex            100%       N/A       0%          3
w - Passwall              Tmut/Erth      78%        N/A       1%          2
x - Maxwell's Capacitive  Air            66%        ∞         2%          8
y - Yara's Violent Unrav  Hex/Tmut       59%        3d22      1%          5
C - Enfeeble              Hex            69%        N/A       1%          7

Your spell library contained the following spells:

 Spells                   Type           Power      Damage    Failure   Level
 Kiss of Death            Conj/Necr      100%       2d13      0%          1
 Necrotise                Necr           100%       1d9       0%          1
 Shock                    Conj/Air       100%       1d9       0%          1
 Slow                     Hex            100%       N/A       0%          1
 Foxfire                  Conj/Fire      100%       2x1d9     1%          1
 Sandblast                Erth           100%       2d20      1%          1
 Sting                    Tmut/Pois      100%       1d8       1%          1
 Ensorcelled Hibernation  Hex/Ice        100%       N/A       0%          2
 Jinxbite                 Hex            100%       N/A       0%          2
 Static Discharge         Conj/Air       100%       2-7/arc   0%          2
 Dazzling Flash           Conj/Hex       100%       N/A       0%          3
 Sigil of Binding         Hex            100%       N/A       0%          3
 Swiftness                Air            100%       N/A       0%          3
 Airstrike                Air            66%        2d(10-26) 0%          4
 Silence                  Hex/Air        67%        N/A       0%          5
 Cigotuvi's Dreadful Rot  Necr/Pois/Air  100%       N/A       1%          2
 Scorch                   Fire           100%       2d9       1%          2
 Ignite Poison            Fire/Tmut/Pois 68%        N/A       1%          3
 Inner Flame              Hex/Fire       100%       N/A       1%          3
 Ozocubu's Armour         Ice            98%        N/A       1%          3
 Stone Arrow              Conj/Erth      100%       3d13      1%          3
 Vampiric Draining        Necr           100%       2d13      1%          3
 Volatile Blastmotes      Fire/Tloc      100%       2d18      1%          3
 Anguish                  Hex/Necr       62%        N/A       1%          4
 Brom's Barrelling Bould  Conj/Erth      100%       2d11      1%          4
 Dimensional Bullseye     Hex/Tloc       59%        N/A       1%          4
 Flame Wave               Conj/Fire      84%        2d18      1%          4
 Leda's Liquefaction      Hex/Erth       59%        N/A       1%          4
 Manifold Assault         Tloc           94%        N/A       1%          4
 Sticky Flame             Conj/Fire      84%        2d10      1%          4
 Agony                    Necr           100%       N/A       1%          5
 Fireball                 Conj/Fire      42%        3d17      1%          5
 Freezing Cloud           Conj/Ice/Air   57%        6-21      1%          5
 Iskenderun's Battlesphe  Conj           100%       2d15      1%          5
 Metabolic Englaciation   Hex/Ice        60%        N/A       1%          5
 Conjure Ball Lightning   Conj/Air       60%        3x3d22    1%          6
 Bombard                  Conj/Erth      50%        9d8       2%          6
 Alistair's Intoxication  Tmut/Pois      50%        N/A       3%          5
 Dispersal                Tloc           47%        N/A       4%          6
 Orb of Destruction       Conj           53%        9d13      8%          7
 Starburst                Conj/Fire      42%        6d12      11%         6
 Eringya's Noxious Bog    Tmut/Pois      37%        4d6       19%         6
 Borgnjor's Revivificati  Necr           53%        N/A       47%         8
 Lehudib's Crystal Spear  Conj/Erth      50%        10d12     69%         8
 Disjunction              Tloc           47%        N/A       86%         8
 Ignition                 Fire           25%        3d8       100%        8
 Death's Door             Necr           53%        N/A       100%        9
 Summon Small Mammal      Summ           Unusable   N/A       N/A         1
 Summon Guardian Golem    Hex/Summ       Unusable   N/A       N/A         3
 Tukima's Dance           Hex            Unusable   N/A       N/A         3
 Call Imp                 Summ           Unusable   N/A       N/A         2
 Call Canine Familiar     Summ           Unusable   N/A       N/A         3
 Animate Armour           Summ/Erth      Unusable   N/A       N/A         4
 Animate Dead             Necr           Unusable   N/A       N/A         4
 Summon Ice Beast         Ice/Summ       Unusable   N/A       N/A         4
 Summon Lightning Spire   Summ/Air       Unusable   N/A       N/A         4
 Summon Forest            Summ/Tloc      Unusable   N/A       N/A         5
 Summon Mana Viper        Hex/Summ       Unusable   N/A       N/A         5
 Death Channel            Necr           Unusable   N/A       N/A         6
 Simulacrum               Ice/Necr       Unusable   N/A       N/A         6
 Summon Cactus Giant      Summ           Unusable   N/A       N/A         6
 Haunt                    Necr/Summ      Unusable   N/A       N/A         7
 Monstrous Menagerie      Summ           Unusable   N/A       N/A         7
 Summon Hydra             Summ           Unusable   N/A       N/A         7

Dungeon Overview and Level Annotations

Branches:
Dungeon (15/15)            Temple (1/1) D:7            Lair (5/5) D:9
  Swamp (4/4) Lair:3        Snake (4/4) Lair:3        Slime (5/5) Lair:4
    Orc (2/2) D:11            Elf (3/3) Orc:2        Vaults (5/5) D:14
  Crypt (3/3) Vaults:3       Tomb (1/3) Crypt:3      Depths (4/4) D:15
    Zot (5/5) Depths:4     Bailey (visited)           IceCv (visited)
 WizLab (visited)         Desolation (visited)      Gauntlet (visited)

Altars:
Ashenzari
Cheibriados
Dithmenos
Elyvilon
Fedhas
Gozag
Hepliaklqana
Kikubaaqudgha
Makhleb
Nemelex Xobeh
Okawaru
Qazlal
Ru
Sif Muna
Trog
Uskayaw
Vehumet
Wu Jian
Xom
Yredelemnul
Zin
The Shining One
Jiyva
Lugonu

Shops:
D:3 (   D:4 *   D:12 (   Orc:2 *[?*=*?=(=!=*(   Elf:2 [   Snake:1 [   Snake:2 :
Vaults:1 (   Vaults:5 (*

Portals:
Hell: Depths:1 Depths:2 Depths:3 Depths:4
Abyss: Depths:3 Depths:4
Pandemonium: Depths:2 Depths:4
Ziggurat: Depths:2

Annotations:
Zot:4 2 transporters, exclusion: obsidian statue


Innate Abilities, Weirdness & Mutations

You cannot wear most types of armour.
You are amphibious.
You can wear up to eight rings at the same time.
Your skin changes colour to match your surroundings (Stealth+).
Your rubbery body absorbs attacks. (AC +1, EV +1)
((You are camouflaged when in or above water. (Stealth+)))
You have tentacles for arms and can constrict up to eight enemies at once.
You have a pair of small antennae on your head.
You occasionally lose the ability to read scrolls when taking damage.


Message History

There is a stone staircase leading down here.
There is a stone staircase leading up here.
You climb upwards.
There is a stone staircase leading down here.
You see here a +0 falchion.
Things that are here:
a +0 ring mail; a +0 club
There is a stone staircase leading up here.
You climb upwards.
Magic restored.
There is a stone staircase leading down here.
A Faeqor and a sixfirhy come into view.
Gozag incites Faeqor against you.
Faeqor seems to speed up.
There is a stone staircase leading up here.
You climb upwards.
A cacodemon and a sixfirhy come into view.
Gozag incites the cacodemon against you.
The cacodemon seems to speed up.
There is a stone staircase leading down here.
An orange demon comes into view.
Aiming: Dig
Press: ? - help, Shift-Dir - straight line A rock wall.
This square is covered in magical glow.
The rock shatters into small pieces.
You block the sixfirhy's attack.
The cacodemon gestures next to the sixfirhy.
You hear a grinding noise.
The cacodemon gestures next to the sixfirhy.
Some rock shatters into small pieces.
The sixfirhy misses you. You block the sixfirhy's attack.
The sixfirhy completely misses you. You block the sixfirhy's attack.
A tormentor and a rust devil come into view.
The cacodemon gestures at you.
Strange energies course through your body.
You occasionally lose the ability to read scrolls when taking damage.
The cacodemon gestures at the rock wall.
You hear a grinding noise.
You block the sixfirhy's attack.
You block the sixfirhy's attack. x2; The sixfirhy hits you.
The sixfirhy shocks you. You resist. The cacodemon gestures at you.
The bolt of energy misses you.
Ygukk comes into view. It is armed with a chaotic touch.
There is a staircase leading out of the dungeon here.
Unknown command.
Magic restored.
You block the sixfirhy's attack. The sixfirhy completely misses you.
You have escaped!

##..########......###.........#.#
#..#### ##...................#
#.....#######.................###
#####...........÷.............##
###########...............>## ###
#..#.#.#.##..........# ..#
##.#.#.#.#{&...........
..#########...#.#.#{#{4..........
..%.........##.#@#.#..##.........
..#####.#####.#.#3#.####.........
.....#..# ##.#{#.#.# #.........
.......######.#3#.#.## #.........
...........#)#.#.#{#.###.........
.....##...........{..............
........###[.##...#2##.#.........
####..#####.####...4##...........
# ##.....#.....##...#####........


You could see a sixfirhy.

Vanquished Creatures
  Tiamat (Zot:2)
  5 orbs of fire
  Mennas (Vaults:5)
  4 ancient liches
  A pandemonium lord (Zot:1)
  The ghost of Jofris Vesimp the Sniper, a legendary GnFE of Sif Muna (Zot:3)
  2 juggernauts
  2 royal mummies (Tomb:1)
  Parghit (Depths:3)
  Saint Roka (Snake:2)
  5 Killer Klowns (Zot:5)
  Xtahua (Vaults:3)
  3 curse toes
  11 golden dragons
  A profane servitor (Depths:4)
  Nikola (Vaults:1)
  3 Brimstone Fiends
  9 tentacled monstrosities
  3 electric golems
  Rupert (Lair:4)
  Jorgrun (D:12)
  6 liches
  The ghost of Nidiz the Executioner, an adept HOCA of Makhleb (Snake:1)
  2 Ice Fiends
  18 Orb Guardians (Zot:5)
  2 walking earthen tomes
  6 quicksilver dragons
  2 titans
  A walking divine tome (Depths:4)
  2 deep elf blademasters
  2 walking frostbound tomes (Depths:4)
  A tentacled starspawn (Abyss:3)
  2 deep elf master archers (Elf:3)
  9 acid blobs
  2 death cobs (Zot:1)
  9 ancient champions
  10 sphinxes
  9 storm dragons
  Roxanne (Swamp:2)
  4 thorn hunters
  6 tengu reavers
  8 shadow dragons
  Kirke (Swamp:4)
  3 revenants
  8 azure jellies
  2 nagarajas
  3 draconian monks
  8 fire giants
  3 draconian knights
  9 rockslimes
  5 frost giants
  2 iron dragons (Depths:4)
  12 vault wardens
  2 draconian shifters
  3 imperial myrmidons (Desolation)
  A ghost moth (Zot:5)
  2 balrugs
  A deep elf sorcerer (Elf:3)
  2 deep elf elementalists
  A juggernaut zombie (Crypt:1)
  3 spriggan defenders
  An angel (Abyss:4)
  3 orc warlords
  2 ironbound preservers
  3 war gargoyles
  A juggernaut skeleton (Tomb:1)
  5 quicksilver oozes
  2 ghouls (Crypt:1)
  4 very ugly things
  4 caustic shrike skeletons (Crypt:3)
  9 stone giants
  2 ophanim (Abyss:4)
  An ironbound thunderhulk (WizLab)
  A halazid warlock (Desolation)
  4 bennus (Tomb:1)
  4 deep elf demonologists
  11 vampire knights
  5 eleionomae
  2 red draconians
  The ghost of Coyxt the Martial Artist, a journeyman DsSh of Okawaru (Elf:2)
  4 black draconians
  Azrael (D:13)
  A lorocyproca (D:9)
  2 deep elf annihilators (Elf:3)
  A green draconian (Depths:4)
  A spark wasp (Depths:2)
  2 white draconians
  3 bunyips
  2 dire elephants
  2 pale draconians (Depths:4)
  4 purple draconians
  7 yellow draconians
  A minotaur (Gauntlet)
  4 eidola
  4 mummy priests (Tomb:1)
  2 crystal guardians
  7 deep elf death magi
  The ghost of Ezid the Grappler, a journeyman TrBe of Trog (D:12)
  A blizzard demon (Abyss:3)
  10 ettins
  A quicksilver dragon zombie (Depths:1)
  An entropy weaver (Vaults:3)
  A jiangshi (Crypt:1)
  An entropy weaver (shapeshifter) (D:15)
  8 fire dragons
  9 ragged hierophants (Desolation)
  6 great orbs of eyes
  3 yaktaur captains
  3 deep elf high priests
  A shambling mangrove (Swamp:1)
  8 vault guards
  2 quicksilver dragon skeletons
  2 rakshasas
  5 servants of whispers (Desolation)
  3 salamander tyrants (Snake:4)
  A hell beast (D:13)
  Erolcha (D:12)
  13 hydras
  15 peacekeepers
  7 ice dragons
  A ghost crab (Swamp:2)
  2 boulder beetles
  A catoblepas (Lair:3)
  8 alligators
  5 centaur warriors
  2 spriggan air magi
  2 ogre magi (Vaults:5)
  6 ironbound frosthearts
  5 anacondas
  27 dancing weapons
  A hell hog (Gauntlet)
  3 death knights
  2 spriggan skeletons (Crypt:3)
  3 tengu warriors
  4 two-headed ogres
  3 death yaks (Lair:4)
  6 vampire magi
  5 naga warriors
  3 death scarabs (Tomb:1)
  Urug (D:10)
  A quicksilver ooze zombie (Crypt:2)
  An orc high priest (Orc:2)
  A hell knight (Vaults:5)
  A sun demon (Depths:1)
  2 deep troll shamans (Depths:3)
  A deep troll earth mage (Depths:3)
  3 soul eaters
  A demonic crawler (D:13)
  10 shock serpents
  6 naga sharpshooters
  2 spriggan berserkers (Depths:1)
  2 thrashing horrors (Abyss:4)
  4 wretched stars
  11 deep elf knights
  6 titan skeletons (Crypt:3)
  22 skeletal warriors
  A skyshark (Lair:3)
  Sonja (D:13)
  A salamander mystic (Snake:1)
  An iron troll (Depths:3)
  A sea snake (Snake:3)
  4 goliath frogs
  A sixfirhy (Abyss:3)
  7 flayed ghosts
  3 arcanists
  6 spectral anacondas (Snake:4)
  A spriggan druid (Swamp:1)
  5 anaconda zombies (Snake:4)
  2 cherubim (Abyss:4)
  A death drake (Zot:3)
  A shadow demon (Zot:1)
  12 deep trolls
  5 naga ritualists
  A storm dragon skeleton (Crypt:3)
  3 deep elf archers (Elf:1)
  An iron giant skeleton (Crypt:3)
  3 glowing orange brains
  An orange crystal statue (IceCv)
  5 phantasmal warriors
  6 swamp dragons
  2 occultists (D:15)
  6 harpies
  3 necromancers
  6 bog bodies
  23 deep elf pyromancers
  7 orc knights
  12 deep elf zephyrmancers
  10 lindwurms
  An eleionoma zombie (Crypt:2)
  11 mana vipers
  7 ironbound convokers
  2 wolf spider zombies
  A manticore (D:15)
  21 ugly things
  4 will-o-the-wisps
  A golden dragon skeleton (Crypt:3)
  2 wolf spiders (Lair:5)
  3 orc sorcerers (Orc:2)
  2 oklob plants (Swamp:1)
  7 cyclopes
  A shadow dragon skeleton (Depths:1)
  A salamander (shapeshifter) (Vaults:5)
  A shining eye (Slime:2)
  A spectral centaur (D:13)
  2 worldbinders (Abyss:3)
  15 moths of wrath
  A frost giant skeleton (Depths:1)
  9 salamanders
  3 elephants (Lair:3)
  39 black mambas
  2 stone giant skeletons
  An elf zombie (Vaults:1)
  2 fire giant skeletons
  10 vault sentinels
  A formless jellyfish zombie (Crypt:1)
  5 naga magi
  3 molten gargoyles
  2 eyes of devastation
  5 guardian serpents
  7 gargoyles
  12 cane toads
  3 smoke demons
  A steelbarb worm zombie (Crypt:2)
  An orange demon (Zot:1)
  5 rime drakes
  6 yaktaurs
  A black draconian zombie (Crypt:1)
  2 kobold demonologists
  A red draconian zombie (Crypt:3)
  2 dire elephant skeletons
  4 tengu conjurers (D:15)
  An unseen horror zombie (D:8)
  An efreet (Abyss:3)
  8 komodo dragons
  4 freezing wraiths
  4 anaconda simulacra (Snake:4)
  A sea snake skeleton (Crypt:2)
  2 ancient zymes (Abyss:3)
  8 guardian mummies (Tomb:1)
  7 trolls
  A hellwing (Abyss:3)
  4 tyrant leeches
  20 polar bears
  An ice dragon zombie (Crypt:2)
  12 hornets
  Grinder (D:3)
  A bloated husk (Swamp:3)
  A tarantella zombie (Crypt:3)
  A great orb of eyes zombie (Crypt:2)
  A death drake skeleton (Crypt:2)
  3 blink frogs (Lair:2)
  20 raiju
  A snapping turtle (shapeshifter) (Vaults:5)
  10 large abominations
  39 saltlings (Desolation)
  A raiju (shapeshifter) (D:15)
  A harpy skeleton (Crypt:3)
  5 dream sheep (Lair:4)
  31 slime creatures
  A ynoxinul (D:8)
  A fire dragon skeleton (Crypt:2)
  An ettin skeleton (Crypt:3)
  12 spriggans
  4 air elementals
  12 wyverns
  An elf skeleton (Vaults:3)
  3 water elementals
  3 hogs
  2 shadows
  5 fire elementals
  Sigmund (D:2)
  3 wraiths
  4 basilisks
  7 golden eyes
  A yak (shapeshifter) (D:13)
  A tyrant leech zombie (Crypt:2)
  5 steam dragons
  A neqoxec (Abyss:3)
  43 yaks
  A black mamba skeleton (Crypt:1)
  A redback (shapeshifter) (Vaults:5)
  A yaktaur simulacrum (Vaults:3)
  12 redbacks
  A chaos spawn (Abyss:3)
  The ghost of Turbognida the Insei, an amateur HuSh (D:4)
  A swamp worm (shapeshifter) (Vaults:5)
  16 vampire mosquitoes
  12 swamp worms
  5 small abominations
  A two-headed ogre zombie (Crypt:1)
  4 acid dragons
  A water moccasin (shapeshifter) (Elf:1)
  13 wargs
  16 nagas
  20 water moccasins
  2 glowing shapeshifter zombies
  18 hell hounds
  Duvessa (D:6)
  An ice beast (D:7)
  33 orc warriors
  7 swamp drakes
  4 naga skeletons
  13 black bears
  7 human skeletons
  27 wolves
  10 ogres
  5 boggarts
  A lindwurm skeleton (Crypt:3)
  8 centaurs
  2 phantoms
  2 kobold brigands (D:8)
  Blork the orc (D:4)
  8 bullfrogs
  A wyvern zombie (D:8)
  6 scorpions
  A glowing shapeshifter simulacrum (Vaults:1)
  5 earth elementals
  Dowan (D:6)
  A hornet simulacrum (D:15)
  18 wights
  A spriggan zombie (Crypt:1)
  A yak zombie (Crypt:3)
  A killer bee (D:10)
  A raiju skeleton (Crypt:3)
  A vampire bat (D:5)
  6 electric eels (D:10)
  2 howler monkeys (D:10)
  A crimson imp (D:15)
  4 centaur zombies
  2 jellies (D:5)
  2 quasits (Abyss:3)
  3 gnoll boudas (D:5)
  2 hounds
  17 orc priests
  A human zombie (Crypt:1)
  An iron imp (Abyss:3)
  2 starcursed masses (Abyss:4)
  7 centaur skeletons
  A sleepcap (D:4)
  A boggart zombie (D:13)
  2 iguanas
  Terence (D:2)
  24 orc wizards
  2 hell rats (Lair:5)
  A killer bee zombie (D:8)
  8 mummies (Tomb:1)
  16 gnolls
  A howler monkey zombie (D:8)
  12 adders
  A white imp (D:6)
  3 worms
  4 dart slugs
  5 fire bats
  104 orcs
  2 spectral bats (D:5)
  8 ball pythons
  3 bat skeletons (D:5)
  A bat zombie (D:5)
  6 endoplasms
  2 giant cockroaches (D:3)
  7 goblins
  13 hobgoblins
  17 kobolds
  A quokka (D:2)
  3 training dummies (D:12)
  16 bats
  A bat simulacrum (D:5)
  6 frilled lizards
  A gnoll skeleton (Crypt:3)
  5 rats
1888 creatures vanquished.

Vanquished Creatures (collateral kills)
  the Royal Jelly (Slime:5)
  Mara (Swamp:4)
  2 juggernauts (Depths:3)
  A royal mummy (Tomb:1)
  A shard shrike (IceCv)
  The ghost of Flugkiller the Wrestler, a veteran FoCA of Wu Jian (Depths:3)
  Vashnia (Snake:2)
  A caustic shrike (Depths:2)
  A curse toe (Zot:4)
  2 golden dragons
  3 doom hounds (Crypt:1)
  5 Orb Guardians (Zot:5)
  2 liches
  5 tentacled monstrosities
  Grunn (Crypt:1)
  A titan (Vaults:3)
  A quicksilver dragon (Zot:5)
  2 deep elf blademasters (Elf:3)
  6 sphinxes
  8 acid blobs (Slime:5)
  2 deep elf master archers (Elf:3)
  A death cob (Zot:1)
  An ancient champion (Vaults:3)
  2 shadow dragons
  5 rockslimes (Slime:5)
  4 draconian knights
  A tengu reaver (Depths:3)
  5 azure jellies (Slime:5)
  2 fire giants
  2 iron dragons (Depths:2)
  2 deep elf elementalists (Elf:3)
  A deep elf sorcerer (Elf:3)
  5 vault wardens
  7 frost giants
  9 draconian scorchers
  4 draconian shifters
  2 ghouls (Crypt:1)
  5 draconian stormcallers
  7 draconian annihilators
  A spriggan defender (Depths:3)
  13 ironbound preservers
  7 quicksilver oozes (Slime:5)
  6 very ugly things
  6 stone giants
  A war gargoyle (Vaults:3)
  2 reapers
  A formless jellyfish (Vaults:4)
  4 deep elf demonologists
  2 ironbound thunderhulks
  4 green draconians
  5 black draconians
  3 deep elf annihilators (Elf:3)
  6 yellow draconians
  4 purple draconians
  6 dire elephants
  5 white draconians
  5 red draconians
  3 eidola
  A mummy priest (Tomb:1)
  5 ettins
  A deep elf death mage (Elf:1)
  A fire dragon (shapeshifter) (Vaults:2)
  3 jiangshi (Crypt:1)
  A green death (Abyss:3)
  A great orb of eyes (Slime:1)
  2 ragged hierophants (Desolation)
  A fire dragon (Depths:4)
  5 yaktaur captains
  A deep elf high priest (Vaults:3)
  A servant of whispers (Desolation)
  2 spriggan air magi (Depths:3)
  26 vault guards
  2 ice dragons
  5 peacekeepers
  6 hydras (Swamp:4)
  5 anacondas
  3 ironbound frosthearts (Vaults:2)
  A death knight (Crypt:1)
  3 salamander tyrants
  An alligator (Swamp:4)
  5 centaur warriors
  A hell hog (Depths:1)
  5 tengu warriors
  12 death scarabs (Tomb:1)
  7 naga warriors
  A thrashing horror (Abyss:4)
  6 dancing weapons
  2 vampire magi
  2 deep troll earth magi (Depths:3)
  A deep troll shaman (Depths:3)
  8 deep elf knights
  4 hell knights
  An orc high priest (Elf:1)
  6 naga sharpshooters
  A soul eater (Depths:1)
  A titan skeleton (Crypt:1)
  11 skeletal warriors
  2 spectral anacondas (Snake:4)
  A glowing orange brain (shapeshifter) (Depths:2)
  4 iron trolls (Depths:3)
  3 naga ritualists
  2 arcanists (Vaults:3)
  A salamander mystic (Snake:3)
  29 deep trolls
  3 glowing orange brains
  3 spriggan druids (Swamp:4)
  3 flayed ghosts
  5 deep elf archers
  An orb spider (shapeshifter) (Vaults:2)
  8 swamp dragons
  9 ironbound convokers
  A bunyip skeleton (Crypt:1)
  2 sea snakes (Snake:3)
  An obsidian statue (Elf:2)
  A bog body (Crypt:1)
  A tengu zombie (Vaults:1)
  6 phantasmal warriors
  2 orc knights
  2 lindwurms
  7 deep elf pyromancers
  2 necromancers
  A faun (shapeshifter) (Depths:2)
  9 deep elf zephyrmancers
  4 harpies (Vaults:2)
  An eleionoma zombie (Crypt:3)
  5 mana vipers
  25 ugly things
  A shining eye (Slime:5)
  An elephant (shapeshifter) (Vaults:2)
  A moth of wrath (shapeshifter) (Vaults:5)
  An orc sorcerer (Snake:2)
  6 salamanders
  2 will-o-the-wisps
  A worldbinder (Abyss:3)
  6 guardian serpents
  8 vault sentinels
  5 moths of wrath
  A dire elephant zombie (Tomb:1)
  10 naga magi
  A stone giant skeleton (Depths:1)
  6 black mambas
  3 smoke demons
  An elephant slug zombie (Crypt:1)
  3 molten gargoyles
  An efreet (Abyss:3)
  An orange demon (Abyss:3)
  2 freezing wraiths (Elf:3)
  A spriggan skeleton (Depths:1)
  An orb spider zombie (Crypt:1)
  13 yaktaurs
  13 rime drakes (IceCv)
  2 yaktaur skeletons (Vaults:3)
  2 guardian mummies (Tomb:1)
  An ancient zyme (Abyss:4)
  A tyrant leech (Swamp:4)
  3 hornets
  A troll (Snake:2)
  6 polar bears (IceCv)
  45 saltlings (Desolation)
  6 raiju
  A large abomination (Abyss:3)
  A deep troll skeleton (Vaults:3)
  A blink frog (shapeshifter) (D:12)
  7 flying skulls
  2 wraiths
  A jumping spider (shapeshifter) (D:12)
  4 spriggans
  5 water elementals
  2 ynoxinuls (Abyss:4)
  A spriggan (shapeshifter) (D:12)
  84 slime creatures
  A vampire (Abyss:3)
  A human (shapeshifter) (D:12)
  A golden eye (Slime:2)
  2 neqoxecs (D:12)
  4 hogs (Swamp:4)
  2 steam dragons (Depths:4)
  A redback (Vaults:3)
  A vampire mosquito (Swamp:2)
  2 wargs (Snake:2)
  13 nagas
  A water moccasin (shapeshifter) (D:12)
  A floating eye (Vaults:3)
  A two-headed ogre skeleton (Crypt:1)
  2 human skeletons
  5 swamp drakes (Swamp:4)
  5 orc warriors
  An ogre (Elf:1)
  3 boggarts (Vaults:4)
  A salamander skeleton (Crypt:3)
  A wyvern zombie (Crypt:3)
  6 wights (Crypt:3)
  2 orc priests
  An orc wizard (Elf:1)
  2 lightning spires (WizLab)
  3 mummies (Tomb:1)
  An iguana skeleton (Crypt:1)
  7 orcs
  2 kobolds (Abyss:4)
  A ball python skeleton (Crypt:2)
  A goblin (shapeshifter) (D:12)
832 creatures vanquished.

Vanquished Creatures (others)
  2 Orb Guardians (Zot:5)
  A quicksilver dragon (Depths:4)
  3 sphinxes
  2 deep elf master archers (Elf:3)
  2 deep elf blademasters
  2 shadow dragons
  A death cob (Zot:1)
  A tengu reaver (Vaults:5)
  2 azure jellies (Slime:5)
  2 rockslimes
  2 draconian scorchers (Zot:2)
  A frost giant (WizLab)
  2 vault wardens
  A ghoul (Crypt:1)
  2 draconian stormcallers
  3 draconian annihilators
  3 ironbound preservers
  A spriggan defender (Depths:3)
  An ironbound thunderhulk (WizLab)
  A formless jellyfish (Slime:5)
  A vampire knight (Vaults:3)
  A deep elf demonologist (Vaults:5)
  4 stone giants
  2 red draconians
  3 green draconians
  A white draconian (Zot:2)
  2 black draconians
  3 yellow draconians
  A deep elf annihilator (Elf:3)
  2 ettins
  A fire dragon (shapeshifter) (Depths:2)
  3 ragged hierophants (Desolation)
  3 jiangshi (Crypt:1)
  2 entropy weavers (Vaults:3)
  7 vault guards
  A hell beast (Depths:1)
  2 hydras
  An ice dragon (IceCv)
  A servant of whispers (Desolation)
  2 centaur warriors (Vaults:1)
  An ironbound frostheart (Vaults:1)
  An anaconda (Snake:2)
  2 naga warriors
  A deep troll shaman (Depths:3)
  A hell hog (Depths:1)
  A spriggan berserker (Depths:3)
  A vampire mage (Crypt:1)
  A thrashing horror (Abyss:4)
  2 death scarabs (Tomb:1)
  A tengu warrior (Depths:3)
  A deep troll earth mage (Depths:3)
  A naga sharpshooter (Snake:4)
  3 hell knights (Depths:2)
  2 sun demons (Depths:1)
  2 shock serpents
  5 deep elf knights
  A sixfirhy (Abyss:3)
  2 skeletal warriors (Crypt:1)
  A salamander mystic (Snake:4)
  2 sea snakes (Snake:3)
  4 deep trolls
  2 flayed ghosts (Crypt:2)
  4 ironbound convokers
  A naga ritualist (Snake:2)
  4 deep elf archers
  2 lindwurms
  A harpy (Vaults:2)
  An orc knight (Vaults:5)
  3 necromancers
  7 deep elf pyromancers
  2 deep elf zephyrmancers
  A moth of wrath (Depths:3)
  2 oklob plants (Lair:1)
  4 ugly things
  A salamander (Snake:3)
  3 vault sentinels
  2 smoke demons (Depths:1)
  A guardian serpent (Desolation)
  A naga mage (Snake:3)
  A molten gargoyle (WizLab)
  A gargoyle (WizLab)
  A freezing wraith (Crypt:1)
  5 yaktaurs
  A hellwing (Abyss:4)
  A tyrant leech (Swamp:4)
  A raiju (Abyss:4)
  3 dancing weapons
  22 slime creatures
  A wraith (Crypt:2)
  A redback (Vaults:3)
  3 neqoxecs (Abyss:4)
  3 nagas
  A swamp worm (Swamp:4)
  An orc warrior (Orc:1)
  A boggart (Vaults:4)
  A necrophage (Crypt:1)
  A wight (Crypt:3)
  2 electric eels (Snake:3)
  An orc wizard (Snake:2)
  5 hell rats (Lair:5)
  A mummy (Tomb:1)
  11 foxfires
  2 lurking horrors
227 creatures vanquished.

Grand Total: 2947 creatures vanquished

Notes
Turn   | Place    | Note
-------+----------+-------------------------------------------
     0 | D:1      | Ge0ff the Octopode Brigand began the quest for the Orb.
     0 | D:1      | Reached XP level 1. HP: 14/14 MP: 1/1
   109 | D:1      | Reached XP level 2. HP: 19/19 MP: 2/2
   283 | D:1      | Reached XP level 3. HP: 24/24 MP: 3/3
   635 | D:2      | Reached skill level 1 in Shields
   699 | D:2      | Reached XP level 4. HP: 29/29 MP: 4/4
   746 | D:2      | Found a faded altar of an unknown god.
   756 | D:2      | Noticed Sigmund
   863 | D:2      | Identified the +2 scale mail of the Ward {Rampage Will++
                  | Regen+ Str-5}
  1012 | D:2      | You fall into a shaft and drop 1 floor!
  1055 | D:3      | Reached XP level 5. HP: 34/34 MP: 5/5
  1100 | D:3      | Noticed Grinder
  1103 | D:3      | Paralysed by Grinder for 3 turns
  1173 | D:2      | Noticed Terence
  1181 | D:2      | Killed Terence
  1200 | D:2      | Killed Sigmund
  1201 | D:2      | Reached skill level 5 in Short Blades
  1201 | D:2      | Reached skill level 1 in Evocations
  1201 | D:2      | Reached XP level 6. HP: 40/40 MP: 6/6
  1648 | D:3      | Found Caenir's Weapon Emporium.
  1898 | D:3      | Found a snail-covered altar of Cheibriados.
  2053 | D:4      | Noticed Blork the orc
  2077 | D:4      | Reached XP level 7. HP: 42/45 MP: 7/7
  2437 | D:4      | Found a transporter.
  2439 | D:4      | Noticed Turbognida's ghost (amateur HuSh)
  2575 | D:4      | Found a transporter.
  2644 | D:4      | Found Leugh's Assorted Antiques.
  2846 | D:5      | Entered Level 5 of the Dungeon
  3785 | D:5      | Reached XP level 8. HP: 31/52 MP: 8/8
  4047 | D:5      | Reached skill level 5 in Evocations
  4212 | D:6      | Identified the "Liorypex"
  4667 | D:6      | Learned a level 3 spell: Confusing Touch
  4671 | D:6      | Learned a level 3 spell: Dazzling Flash
  4752 | D:6      | Noticed Duvessa
  4752 | D:6      | Noticed Dowan
  5104 | D:5      | Reached skill level 1 in Hexes
  5264 | D:6      | Killed Duvessa
  5265 | D:6      | Reached skill level 1 in Conjurations
  5281 | D:6      | Killed Dowan
  5282 | D:6      | Reached skill level 1 in Spellcasting
  5335 | D:6      | Reached XP level 9. HP: 53/56 MP: 10/10
  5640 | D:6      | Learned a level 5 spell: Yara's Violent Unravelling
  5706 | D:7      | Found a staircase to the Ecumenical Temple.
  5717 | Temple   | Entered the Ecumenical Temple
  5736 | Temple   | Became a worshipper of Gozag Ym Sagoz the Greedy
  5886 | D:7      | Found a flagged portal.
  5908 | Bailey   | Entered a bailey
  6170 | Bailey   | Reached skill level 5 in Hexes
  6622 | Bailey   | Noticed a two-headed ogre
  6625 | Bailey   | Killed a two-headed ogre
  6626 | Bailey   | Reached XP level 10. HP: 63/63 MP: 14/14
  7729 | D:7      | Found a staircase to the Ecumenical Temple.
  8046 | D:3      | Killed Grinder
  8095 | D:3      | Found Caenir's Weapon Emporium.
  8329 | D:3      | Found a snail-covered altar of Cheibriados.
  8469 | D:4      | Killed Blork the orc
  8470 | D:4      | Reached skill level 5 in Conjurations
  8635 | D:4      | Found a transporter.
  8662 | D:4      | Found a transporter.
  8843 | D:4      | Found Leugh's Assorted Antiques.
  9107 | D:4      | Killed Turbognida's ghost
 10806 | D:9      | Reached XP level 11. HP: 67/67 MP: 9/15
 11410 | D:9      | Found a staircase to the Lair.
 11736 | D:10     | Entered Level 10 of the Dungeon
 11739 | D:10     | Reached skill level 10 in Short Blades
 11895 | D:10     | Reached skill level 10 in Hexes
 11910 | D:10     | Noticed a sun demon
 12369 | D:10     | Noticed Urug
 12433 | D:11     | Noticed a centaur warrior
 12435 | D:11     | Killed a centaur warrior
 12651 | D:11     | Found a staircase to the Orcish Mines.
 12652 | D:11     | Noticed a deep elf pyromancer
 12655 | D:11     | Killed a deep elf pyromancer
 12657 | D:11     | Noticed a two-headed ogre
 12666 | D:11     | Killed a two-headed ogre
 12920 | D:11     | Reached skill level 1 in Transmutations
 12923 | D:11     | Noticed a green ugly thing
 12923 | D:11     | Noticed a two-headed ogre
 12925 | D:11     | Killed a green ugly thing
 12926 | D:11     | Killed a two-headed ogre
 12938 | D:11     | Reached skill level 5 in Fighting
 14733 | D:11     | Learned a level 4 spell: Iskenderun's Mystic Blast
 14769 | D:12     | Noticed Erolcha
 14773 | D:12     | Killed Erolcha
 14774 | D:12     | Reached XP level 12. HP: 77/77 MP: 17/17
 14888 | D:12     | Found a runed translucent gate.
 14888 | D:12     | Found a runed translucent gate.
 14889 | D:12     | Found a runed translucent gate.
 14900 | D:12     | Reached skill level 1 in Translocations
 14904 | D:12     | Noticed an ettin
 14904 | D:12     | an ettin changed into a goliath frog
 14912 | D:12     | a goliath frog changed into a quicksilver ooze
 14912 | D:12     | Noticed a quicksilver ooze (glowing shapeshifter)
 14917 | D:12     | Noticed a storm dragon
 14921 | D:12     | a storm dragon changed into an emperor scorpion
 14921 | D:12     | Noticed an emperor scorpion (glowing shapeshifter)
 14987 | D:12     | Noticed a radroach
 14987 | D:12     | Noticed a quicksilver ooze
 14987 | D:12     | a quicksilver ooze changed into a boulder beetle
 14987 | D:12     | Noticed a boulder beetle (glowing shapeshifter)
 14989 | D:12     | a boulder beetle changed into a wolf spider
 14992 | D:12     | a radroach changed into a great orb of eyes
 14992 | D:12     | Noticed a great orb of eyes (glowing shapeshifter)
 15005 | D:12     | Noticed Jorgrun
 15146 | D:12     | Found Uqilos's Firing Range.
 15150 | D:12     | Bought a throwing net for 45 gold pieces
 16186 | D:12     | Noticed Maurice
 16187 | D:12     | Maurice changed into Maurice the swamp drake
 16187 | D:12     | Noticed Maurice
 16197 | D:12     | Killed Maurice the swamp drake
 16452 | D:12     | Learned a level 3 spell: Tukima's Dance
 16633 | D:10     | Killed Urug
 16874 | D:10     | Found a bloodstained altar of Trog.
 16875 | D:10     | Found an iron altar of Okawaru.
 16989 | Lair:1   | Entered Level 1 of the Lair of Beasts
 17432 | Lair:1   | Noticed a five-headed hydra
 17461 | Lair:1   | Killed a five-headed hydra
 17631 | Lair:1   | Identified the +6 sling "Vinac" {speed, Fragile Int+3
                  | Stlth+}
 18052 | Lair:1   | Learned a level 2 spell: Ensorcelled Hibernation
 18232 | Lair:1   | Reached skill level 5 in Spellcasting
 18232 | Lair:1   | Reached skill level 1 in Ice Magic
 18662 | Lair:2   | Noticed a six-headed hydra
 18670 | Lair:2   | Killed a six-headed hydra
 18671 | Lair:2   | Reached XP level 13. HP: 81/81 MP: 12/20
 18812 | Lair:2   | Reached skill level 5 in Ice Magic
 19669 | Lair:3   | Found a staircase to the Swamp.
 19669 | Lair:3   | Noticed an eleionoma
 19679 | Lair:3   | Killed an eleionoma
 19934 | Lair:3   | Found a staircase to the Snake Pit.
 20531 | Lair:4   | Noticed Rupert
 20538 | Lair:4   | Killed Rupert
 20689 | Lair:4   | Found a staircase to the Slime Pits.
 20690 | Lair:4   | Found a viscous altar of Jiyva.
 21724 | Lair:5   | Entered Level 5 of the Lair of Beasts
 21787 | Lair:5   | Reached skill level 10 in Stealth
 21787 | Lair:5   | Reached XP level 14. HP: 90/90 MP: 24/24
 21825 | Lair:5   | Found a gate leading to a gauntlet.
 21829 | Gauntlet | Entered a Gauntlet
 21829 | Gauntlet | Found a transporter.
 21838 | Gauntlet | Found a transporter.
 21849 | Gauntlet | Found a transporter.
 21852 | Gauntlet | Found a transporter.
 21860 | Gauntlet | Found a transporter.
 21881 | Gauntlet | Found a transporter.
 21893 | Gauntlet | Found a transporter.
 21903 | Gauntlet | Found a transporter.
 21922 | Gauntlet | Found a transporter.
 21936 | Gauntlet | Found a transporter.
 21937 | Gauntlet | Found a transporter.
 21985 | Gauntlet | Found a transporter.
 22000 | Gauntlet | Found a transporter.
 22011 | Gauntlet | Found a transporter.
 22103 | Gauntlet | Identified the ring of Xauneag {rF+ Str+2 Int+2 Dex-3}
 22363 | Gauntlet | Identified the ring "Caymonot" {rC+ rN+ rCorr}
 22501 | Gauntlet | Identified the +3 shadow dragon scales of the Past {rPois
                  | Will++ rCorr Dex-5 Stlth++++}
 22547 | Gauntlet | Learned a level 3 spell: Summon Guardian Golem
 22550 | Gauntlet | Learned a level 2 spell: Passwall
 22664 | Lair:5   | Reached skill level 1 in Summonings
 26173 | Lair:5   | Identified the +2 cloak of the Old and Reckless {rN+ Str+3}
 27590 | Orc:1    | Entered Level 1 of the Orcish Mines
 28072 | D:13     | Noticed Azrael
 28085 | D:13     | Killed Azrael
 28086 | D:13     | Reached XP level 15. HP: 66/99 MP: 11/26
 28974 | D:13     | Reached skill level 5 in Summonings
 29378 | D:13     | Noticed Sonja
 29380 | D:13     | Killed Sonja
 30024 | D:14     | Found a gate to the Vaults.
 30057 | D:14     | Reached skill level 5 in Shields
 30418 | D:14     | Identified the +0 trident of the Assorted Brambles
                  | {protect, SInv}
 30477 | D:14     | Found a basalt altar of Yredelemnul.
 30639 | D:14     | Found a portal to a secret trove of treasure.
 30770 | D:14     | Found a stormy altar of Qazlal.
 30918 | D:14     | Found a portal to a secret trove of treasure.
 31219 | D:14     | Found a stormy altar of Qazlal.
 31298 | D:14     | Found a basalt altar of Yredelemnul.
 31478 | D:14     | Found a gate to the Vaults.
 31616 | D:15     | Entered Level 15 of the Dungeon
 31893 | Abyss:3  | Cast into level 3 of the Abyss (an occultist)
 32294 | D:15     | Escaped the Abyss
 33189 | D:15     | Learned a level 7 spell: Enfeeble
 33420 | D:15     | Found a staircase to the Depths.
 33721 | D:15     | Reached XP level 16. HP: 105/105 MP: 29/29
 33734 | D:15     | Learned a level 1 spell: Apportation
 33814 | D:15     | Found a staircase to the Depths.
 35579 | Orc:2    | Entered Level 2 of the Orcish Mines
 35618 | Orc:2    | Found a staircase to the Elven Halls.
 35800 | Orc:2    | Found Simaar Cott's Antique Armour Emporium.
 35941 | Orc:2    | Paralysed by an orc sorcerer for 3 turns
 35976 | Orc:2    | Found Ipoep's Antique Weapon Emporium.
 37322 | Orc:2    | Found Pefia's General Store.
 37335 | Orc:2    | Bought a scroll of amnesia for 72 gold pieces
 37335 | Orc:2    | Bought a wand of quicksilver (4) for 302 gold pieces
 37335 | Orc:2    | Bought a scroll of fear for 72 gold pieces
 37335 | Orc:2    | Bought a potion of mutation for 144 gold pieces
 37516 | Orc:2    | Reached skill level 15 in Hexes
 37741 | Orc:2    | Reached skill level 10 in Spellcasting
 37935 | Orc:2    | Found Iladwuo's Jewellery Shop.
 37943 | Orc:2    | Bought a +4 ring of protection for 504 gold pieces
 38331 | D:12     | Found Uqilos's Firing Range.
 38367 | D:12     | Found a runed translucent gate.
 38368 | D:12     | Found a runed translucent gate.
 38369 | D:12     | Found a runed translucent gate.
 38645 | D:12     | Killed Jorgrun
 38927 | Snake:1  | Entered Level 1 of the Snake Pit
 39248 | Snake:1  | Identified the amulet "Zihomeobo" {Reflect Rampage *Corrode
                  | rC+++ SH+5 SInv}
 39353 | Snake:1  | Found Divodaif's Armour Boutique.
 39898 | Snake:1  | Found a runed translucent door.
 39898 | Snake:1  | Noticed Nidiz's ghost (adept HOCA)
 41564 | Snake:2  | Noticed Vashnia
 42212 | Swamp:1  | Entered Level 1 of the Swamp
 42315 | Swamp:1  | Noticed a thorn hunter
 42449 | Swamp:1  | Killed a thorn hunter
 42456 | Swamp:1  | Noticed a thorn hunter
 42558 | Swamp:1  | Learned a level 8 spell: Discord
 42896 | Swamp:1  | Killed a thorn hunter
 43270 | Swamp:1  | Noticed a thorn hunter
 43283 | Swamp:1  | Killed a thorn hunter
 44380 | Swamp:2  | Reached XP level 17. HP: 109/109 MP: 26/33
 44798 | Swamp:2  | Noticed Roxanne
 45577 | Swamp:3  | Found a shadowy altar of Dithmenos.
 46467 | Swamp:3  | Identified the +4 broad axe of the Sharing Traitor {drain,
                  | MP+9}
 46677 | Swamp:4  | Entered Level 4 of the Swamp
 46688 | Swamp:4  | Noticed Mara
 46697 | Swamp:4  | Noticed Ge0ff's illusion
 46915 | Swamp:4  | Noticed Kirke
 47333 | Snake:2  | Noticed Saint Roka
 47348 | Snake:2  | Found Xatsicetsi's Book Emporium.
 47363 | Snake:2  | Killed Vashnia
 47573 | Snake:2  | Killed Saint Roka
 48400 | Snake:2  | Found Xatsicetsi's Book Emporium.
 49844 | Snake:3  | Reached XP level 18. HP: 120/120 MP: 3/34
 50084 | Snake:3  | Reached skill level 5 in Dodging
 50085 | Snake:3  | Reached skill level 10 in Fighting
 50558 | Snake:3  | Found a radiant altar of Vehumet.
 51230 | Snake:3  | Reached skill level 5 in Translocations
 51942 | Snake:4  | Entered Level 4 of the Snake Pit
 52669 | Snake:4  | Noticed a quicksilver dragon
 52835 | Snake:4  | Killed a quicksilver dragon
 53722 | Snake:2  | Learned a level 5 spell: Lee's Rapid Deconstruction
 53837 | Snake:4  | Reached skill level 1 in Earth Magic
 54346 | Snake:4  | Got a serpentine rune of Zot
 55264 | Snake:4  | Reached skill level 5 in Earth Magic
 56168 | D:14     | You paid a toll of 4 potions of resistance to enter a
                  | treasure trove
 56169 | Trove    | Entered a treasure trove
 56171 | Trove    | Found the macabre finger necklace {Finger+ rN+}
 56171 | Trove    | Found the ring of the Mage {Wiz Archmagi}
 56173 | Trove    | Identified the ring "Zasmul" {Ice *Corrode rN++ Will+++
                  | Str-4 Dex+2}
 56181 | Trove    | Identified the ring "Wulehis" {rF+ Will+ Int+4 Dex+6}
 56184 | Trove    | Identified the ring "Aseneu" {EV+5 Dex+3}
 56185 | Trove    | Identified the amulet of Beumor {Acrobat Slay+5}
 56186 | Trove    | Identified the ring "Jiwkac" {rPois rC+ Int-3 Dex+5}
 57098 | Swamp:2  | Killed Roxanne
 57308 | Swamp:4  | Reached XP level 19. HP: 126/129 MP: 31/35
 57316 | Swamp:4  | Killed Mara
 57519 | Swamp:4  | Got a decaying rune of Zot
 57861 | Swamp:4  | Learned a level 4 spell: Dispel Undead
 58009 | Swamp:4  | Killed Kirke
 58446 | Swamp:4  | Reached skill level 1 in Necromancy
 58781 | D:12     | Found a runed translucent gate.
 58781 | D:12     | Found a runed translucent gate.
 58788 | D:12     | Found a runed translucent gate.
 58797 | D:12     | Noticed Ezid's ghost (journeyman TrBe)
 59030 | D:12     | Killed Ezid's ghost
 59320 | Vaults:5 | Identified the of Piessooj
 59320 | Crypt:1  | Identified the "Faychel"
 59320 | Crypt:3  | Identified the of Kemu
 59320 | Crypt:3  | Identified the "Loreg"
 59320 | Crypt:3  | Identified the of Resueba
 59320 | Elf:1    | Identified the "Siycum"
 59320 | Elf:1    | Entered Level 1 of the Elven Halls
 59515 | Elf:1    | Found a crumbling gateway.
 59649 | Desolati | Entered the Desolation of Salt
 60317 | Desolati | Identified the amulet "Yneisuji" {Spirit rN+}
 60659 | Desolati | Identified the ring "Asoce" {Fly rPois Dex-3 SInv}
 61210 | Desolati | Identified the ring of Tunaxeyq {rN+ Int+3 Dex+2}
 61280 | Desolati | Reached skill level 5 in Necromancy
 61633 | Desolati | Identified the +6 broad axe of Gallantry {freeze, rN+
                  | Will+++ Str+3 Int-2}
 61789 | Desolati | Identified the +5 trident of Biribofuo {freeze, Stlth+}
 61881 | Desolati | Reached skill level 10 in Shields
 62007 | Desolati | Identified the ring of Daffodils {rPois rC++ Str+4 Dex+6}
 62791 | Desolati | Reached XP level 20. HP: 113/135 MP: 11/36
 62947 | Desolati | Identified the +5 whip "Killer Bee's Curse" {venom, Will++}
 66393 | Elf:2    | Found a runed translucent gate.
 66394 | Elf:2    | Found a runed translucent gate.
 66394 | Elf:2    | Found a runed translucent gate.
 66403 | Elf:2    | Found a runed translucent gate.
 66404 | Elf:2    | Found a runed translucent gate.
 66404 | Elf:2    | Found an opulent altar of Gozag.
 66404 | Elf:2    | Found a runed translucent gate.
 66407 | Elf:2    | Noticed Coyxt's ghost (journeyman DsSh)
 68013 | Elf:2    | Found Oxamp's Armour Boutique.
 68683 | Elf:2    | Reached skill level 5 in Transmutations
 70201 | Elf:2    | Killed Coyxt's ghost
 70748 | Snake:1  | Killed Nidiz's ghost
 71065 | Elf:3    | Identified the of Dymm
 71065 | Elf:3    | Identified the "Huarovy"
 71065 | Elf:3    | Entered Level 3 of the Elven Halls
 71140 | Elf:3    | Found a frozen archway.
 71248 | IceCv    | Entered an ice cave
 72315 | IceCv    | Noticed a shard shrike
 72318 | IceCv    | Reached XP level 21. HP: 142/142 MP: 29/38
 72318 | IceCv    | Killed a shard shrike
 72694 | IceCv    | Identified the +0 chain mail "Juyrur" {rN+ Regen+ Int-5}
 73447 | Elf:3    | Found a huge runed gate.
 73447 | Elf:3    | Found a huge runed gate.
 73447 | Elf:3    | Found a huge runed gate.
 73447 | Elf:3    | Found a huge runed gate.
 73447 | Elf:3    | Found a huge runed gate.
 73447 | Elf:3    | Found a huge runed gate.
 73447 | Elf:3    | Found a huge runed gate.
 73447 | Elf:3    | Found a huge runed gate.
 73447 | Elf:3    | Found a huge runed gate.
 73447 | Elf:3    | Found a huge runed gate.
 73457 | Elf:3    | Identified the +11 dagger of Winter {antimagic, Contam
                  | rPois rF++ Dex+3}
 73488 | Elf:3    | Learned a level 5 spell: Borgnjor's Vile Clutch
 74173 | Elf:3    | Identified the +7 glaive "Okaod" {freeze, rF+}
 74173 | Elf:3    | Identified the +1 robe of the Banana {rElec rN+ rCorr
                  | Int+3}
 74173 | Elf:3    | Identified the ring "Abbaates" {rC+ MP+9 Str+2 Dex+4
                  | Stlth+}
 75133 | Elf:3    | Identified the amulet of the King {Spirit Rampage}
 75612 | Elf:3    | Identified the +5 battleaxe of Defenestration {flame, rC+
                  | Str+3 Dex+3}
 75811 | Elf:3    | Found the +2 hood of the Assassin {Detect Stab+ Stlth++}
 75844 | Elf:3    | Identified the +8 dagger of the Priest {venom, rPois SInv}
 75855 | Elf:3    | Identified the orb "Utopnotij" {light, rC- Regen+ Dex+7
                  | Slay+3}
 75931 | Elf:3    | Identified the +2 whip "Jyhaeraw" {speed, Fly Str-3 Int+3
                  | Dex+6 Stlth+}
 75964 | Elf:3    | Identified the +5 quarterstaff "Woawash" {freeze, rC++ MP+9
                  | Int+5} (You took it off a deep elf elementalist on level 3
                  | of the Elven Halls)
 76470 | Abyss:3  | Cast into level 3 of the Abyss (a deep elf demonologist)
 76502 | Abyss:3  | Identified the "Waucull"
 76582 | Abyss:3  | Gained mutation: You are frail. (-10% HP) [a neqoxec]
 76650 | Abyss:3  | Found a corrupted altar of Lugonu.
 76843 | Elf:3    | Escaped the Abyss
 77909 | Vaults:1 | Entered Level 1 of the Vaults
 77960 | Vaults:1 | Lost mutation: You are frail. (-10% HP) [potion of
                  | mutation]
 77960 | Vaults:1 | Gained mutation: Your muscles are strong. (Str +4, Int/Dex
                  | -1) [potion of mutation]
 77960 | Vaults:1 | Gained mutation: Your mind is acute. (Int +4, Str/Dex -1)
                  | [potion of mutation]
 78127 | Vaults:1 | Found a magical portal.
 78136 | WizLab   | Entered Maxwell's Workshop
 78326 | WizLab   | Found the +2 Maxwell's thermic engine {flame, freeze, rev}
 79069 | WizLab   | Identified the +9 dagger of Nulyal {freeze, Int+5}
 79072 | WizLab   | Identified the +5 sling "Zoluqec" {speed, Int+2 Dex+2}
 79294 | WizLab   | Identified the ring of Etiojiz {MP+9 Int+4}
 79594 | WizLab   | Identified the ring "Lataupsu" {Fire *Corrode Str+3 Dex+2}
 79760 | Vaults:1 | Found Muelon Vel's Weapon Shoppe.
 79767 | Vaults:1 | Reached skill level 10 in Dodging
 79936 | Vaults:1 | Identified the +3 pair of gloves of Dianeofa {Harm rPois
                  | rN+ Int+3}
 79936 | Vaults:1 | Noticed Nikola
 79943 | Vaults:1 | Killed Nikola
 79944 | Vaults:1 | Reached skill level 1 in Invocations
 80562 | Vaults:1 | Reached XP level 22. HP: 149/149 MP: 40/40
 83284 | Vaults:2 | Paralysed by a great orb of eyes for 3 turns
 84393 | Vaults:3 | Reached skill level 10 in Necromancy
 85095 | Vaults:3 | Reached skill level 10 in Conjurations
 85300 | Vaults:3 | Reached skill level 5 in Invocations
 85300 | Vaults:3 | Reached XP level 23. HP: 148/160 MP: 39/41
 85846 | Vaults:3 | Found a staircase to the Crypt.
 86198 | Vaults:3 | Noticed Xtahua
 86221 | Vaults:3 | Killed Xtahua
 87280 | Vaults:3 | Found a staircase to the Crypt.
 88928 | Vaults:4 | Reached skill level 10 in Evocations
 89436 | Vaults:4 | Reached skill level 15 in Fighting
 89733 | Depths:1 | Entered Level 1 of the Depths
 90278 | Depths:1 | Identified the of Lede
 90278 | Depths:1 | Found a corrupted altar of Lugonu.
 90713 | Depths:1 | Found a gateway to Hell.
 90729 | Depths:1 | Learned a level 4 spell: Passage of Golubria
 90771 | Depths:1 | Identified the +11 demon trident of Anger {elec, Str+4}
 91154 | Depths:2 | Found a one-way gate leading to the halls of Pandemonium.
 91318 | Depths:2 | Noticed a golden dragon
 91324 | Depths:2 | Killed a golden dragon
 92001 | Depths:2 | Found Zin's Purification Station.
 92002 | Depths:2 | Found a glowing silver altar of Zin.
 92014 | Depths:2 | Bought a potion of curing for 90 gold pieces
 92162 | Depths:2 | Identified the staff of Calamity {rN+ MP+9 Dex+3 Necro}
 92185 | Depths:2 | Noticed a caustic shrike
 92193 | Depths:2 | Killed a caustic shrike
 92199 | Depths:2 | Reached XP level 24. HP: 151/169 MP: 20/41
 92318 | Depths:2 | Identified the ring "Jaekhlidi" {rElec rC+ EV+5 Str+4}
 92863 | Depths:2 | Found a one-way gateway to a ziggurat.
 93259 | Depths:3 | Noticed Parghit
 93642 | Depths:3 | Found a transporter.
 93662 | Depths:3 | Found a corrupted altar of Lugonu.
 93685 | Depths:3 | Reached skill level 10 in Invocations
 94215 | Depths:3 | Found a transporter.
 94220 | Depths:3 | Found a bloodstained altar of Trog.
 94340 | Depths:3 | Noticed a juggernaut
 94340 | Depths:3 | Noticed a juggernaut
 94347 | Depths:3 | Noticed Flugkiller's ghost (veteran FoCA)
 94353 | Depths:3 | Killed a juggernaut
 94353 | Depths:3 | Killed a juggernaut
 94357 | Depths:3 | Killed Flugkiller's ghost
 94555 | Depths:3 | Reached skill level 15 in Stealth
 95148 | Depths:3 | Identified the staff "Spiderbane" {*Slow rF+ rN+ Will+++
                  | Conj}
 95349 | Depths:3 | Found a one-way gate to the infinite horrors of the Abyss.
 95624 | Depths:4 | Entered Level 4 of the Depths
 96612 | Depths:4 | Found a gate to the Realm of Zot.
 96938 | Depths:4 | Found a huge runed gate.
 96938 | Depths:4 | Found a huge runed gate.
 96938 | Depths:4 | Found a huge runed gate.
 96939 | Depths:4 | Found a huge runed gate.
 96939 | Depths:4 | Found a huge runed gate.
 96940 | Depths:4 | Found a huge runed gate.
 96940 | Depths:4 | Found a huge runed gate.
 96940 | Depths:4 | Found a huge runed gate.
 96941 | Depths:4 | Found a huge runed gate.
 96941 | Depths:4 | Found a huge runed gate.
 96944 | Depths:4 | Found a huge runed gate.
 96944 | Depths:4 | Found a huge runed gate.
 96944 | Depths:4 | Found a huge runed gate.
 96944 | Depths:4 | Found a huge runed gate.
 96944 | Depths:4 | Found a huge runed gate.
 96945 | Depths:4 | Found a huge runed gate.
 96946 | Depths:4 | Found a huge runed gate.
 96947 | Depths:4 | Found a huge runed gate.
 96948 | Depths:4 | Found a huge runed gate.
 96952 | Depths:4 | Found a shadowy altar of Dithmenos.
 97210 | Depths:4 | Found a huge runed gate.
 97210 | Depths:4 | Found a huge runed gate.
 97210 | Depths:4 | Found a huge runed gate.
 97210 | Depths:4 | Found a huge runed gate.
 97210 | Depths:4 | Found a huge runed gate.
 97210 | Depths:4 | Found a huge runed gate.
 97211 | Depths:4 | Found a huge runed gate.
 97212 | Depths:4 | Found a huge runed gate.
 97213 | Depths:4 | Found a huge runed gate.
 97223 | Depths:4 | Found a huge runed gate.
 97223 | Depths:4 | Found a huge runed gate.
 97223 | Depths:4 | Found a huge runed gate.
 97223 | Depths:4 | Found a huge runed gate.
 97223 | Depths:4 | Found a huge runed gate.
 97223 | Depths:4 | Found a huge runed gate.
 97224 | Depths:4 | Found a huge runed gate.
 97225 | Depths:4 | Found a huge runed gate.
 97354 | Depths:4 | Identified the amulet "Lonuasey" {Reflect rPois Will- Int-5
                  | SH+5 SInv}
 97432 | Depths:4 | Noticed a juggernaut
 97436 | Depths:4 | Killed a juggernaut
 97437 | Depths:4 | Reached XP level 25. HP: 174/174 MP: 36/41
 97817 | Depths:3 | Killed Parghit
 98253 | Crypt:1  | Entered Level 1 of the Crypt
 98323 | Crypt:1  | Noticed Grunn
 98634 | Crypt:1  | Killed Grunn
101606 | Crypt:2  | Reached skill level 15 in Shields
102768 | Crypt:3  | Entered Level 3 of the Crypt
102771 | Crypt:3  | Found a staircase to the Tomb.
103262 | Crypt:3  | Reached skill level 15 in Invocations
103862 | Crypt:3  | Identified the ring "Xeenot" {*Corrode rPois rC+ MP+9
                  | Slay+3}
105273 | Crypt:3  | Identified the ring "Bysh" {rN+ Str+3}
105273 | Crypt:3  | Identified the ring of Wuawk {rN+ Int+2}
105401 | Crypt:3  | Noticed an ancient lich
105404 | Crypt:3  | Killed an ancient lich
105460 | Crypt:3  | Identified the ring of Lyus {rPois Int+6 Dex+4 Stlth-}
105767 | Vaults:5 | Entered Level 5 of the Vaults
105771 | Vaults:5 | Reached XP level 26. HP: 149/180 MP: 36/41
105808 | Vaults:5 | Learned a level 2 spell: Sublimation of Blood
106101 | Vaults:5 | Identified the +7 lajatang of Moderation {spect, rPois rN+
                  | Int+3 SInv}
106981 | Vaults:5 | Noticed Mennas
107054 | Vaults:5 | Killed Mennas
108247 | Vaults:5 | Noticed an ancient lich
108259 | Vaults:5 | Killed an ancient lich
108329 | Vaults:5 | Found Tocvoroy's Weapon Shoppe.
108340 | Vaults:5 | Got a silver rune of Zot
108759 | Vaults:5 | Found Doegic's Assorted Antiques.
108780 | Vaults:5 | Bought a potion of brilliance for 64 gold pieces
108780 | Vaults:5 | Bought a potion of curing for 48 gold pieces
108780 | Vaults:5 | Bought a scroll of silence for 152 gold pieces
108780 | Vaults:5 | Bought a scroll of poison for 64 gold pieces
109109 | D:12     | Bought 4 javelins for 180 gold pieces
109490 | Zot:5    | Identified the of Owatt
109490 | Slime:1  | Entered Level 1 of the Pits of Slime
112340 | Slime:5  | Identified the "Muesm"
112340 | Slime:5  | Identified the "Eseidwi"
112340 | Slime:5  | Entered Level 5 of the Pits of Slime
112411 | Slime:5  | Reached skill level 1 in Air Magic
112736 | Slime:5  | Noticed the Royal Jelly
112754 | Slime:5  | Found a viscous altar of Jiyva.
113996 | Slime:5  | Killed the Royal Jelly
113997 | Slime:5  | Reached XP level 27. HP: 158/186 MP: 13/41
114149 | Slime:5  | Identified the +5 orcbow of Yleekh {freeze, Str+2}
114188 | Slime:5  | Got a slimy rune of Zot
114189 | Slime:5  | Identified the +7 ring mail "Hekor" {rN+ Str+2 SInv}
114222 | Slime:5  | Identified the +1 robe of Eternity {rElec rN+ Str+2
                  | Archmagi}
114266 | Slime:5  | Identified the +1 cloak of Atheism {rC+ Dex+2}
114935 | Zot:1    | Entered Level 1 of the Realm of Zot
115109 | Zot:1    | Reached skill level 15 in Spellcasting
115245 | Zot:1    | Found the ring of Shadows {Umbra +Inv Stlth+}
115643 | Zot:1    | Reached skill level 5 in Air Magic
117529 | Zot:2    | Learned a level 8 spell: Maxwell's Capacitive Coupling
117778 | Zot:2    | Found the +4 dragonskin cloak
117778 | Zot:2    | Noticed Tiamat
118068 | Zot:2    | Identified the +3 war axe "Zokki" {heavy, rElec Will- rCorr
                  | Dex-3}
118976 | Zot:2    | Killed Tiamat
119530 | Zot:3    | Found a runed translucent door.
119531 | Zot:3    | Noticed Jofris Vesimp's ghost (legendary GnFE)
119539 | Zot:3    | Killed Jofris Vesimp's ghost
119540 | Zot:3    | Identified the amulet of Biushriro {Acrobat Harm rElec
                  | Int+3}
119627 | Zot:3    | Reached skill level 10 in Air Magic
120055 | Zot:3    | Identified the +0 chain mail of Untruth {rCorr}
120736 | Zot:4    | Found a transporter.
120743 | Zot:4    | Found a transporter.
121846 | Zot:4    | Noticed an orb of fire
121852 | Zot:4    | Killed an orb of fire
122181 | Zot:5    | Entered Level 5 of the Realm of Zot
122724 | Zot:5    | Noticed an ancient lich
122740 | Zot:5    | Killed an ancient lich
123372 | Zot:5    | Noticed an orb of fire
123393 | Zot:5    | Killed an orb of fire
123394 | Zot:5    | Reached skill level 15 in Air Magic
123437 | Zot:5    | Noticed an ancient lich
123442 | Zot:5    | Killed an ancient lich
123981 | Zot:5    | Noticed an orb of fire
124340 | Zot:5    | Killed an orb of fire
125069 | Zot:5    | Noticed an orb of fire
125075 | Zot:5    | Killed an orb of fire
125654 | Zot:5    | Gained mutation: You sometimes lose your temper in combat.
                  | [mutagenic glow]
126316 | Zot:5    | Noticed an orb of fire
126321 | Zot:5    | Killed an orb of fire
127014 | Zot:5    | Lost mutation: Your muscles are strong. (Str +4, Int/Dex
                  | -1) [potion of mutation]
127014 | Zot:5    | Lost mutation: Your mind is acute. (Int +4, Str/Dex -1)
                  | [potion of mutation]
127014 | Zot:5    | Gained mutation: One of your tentacles bears a spike.
                  | [potion of mutation]
127014 | Zot:5    | Lost mutation: One of your tentacles bears a spike. [potion
                  | of mutation]
127014 | Zot:5    | Gained mutation: You expend magic power (3 MP) to
                  | strengthen your wands. [potion of mutation]
127015 | Zot:5    | Lost mutation: You sometimes lose your temper in combat.
                  | [potion of mutation]
127015 | Zot:5    | Lost mutation: You expend magic power (3 MP) to strengthen
                  | your wands. [potion of mutation]
127015 | Zot:5    | Gained mutation: Your spells are a little harder to cast,
                  | but a little more powerful. [potion of mutation]
127191 | Depths:4 | Voluntarily entered the Abyss.
127303 | Abyss:3  | Found a corrupted altar of Lugonu.
127325 | Abyss:3  | Found a corrupted altar of Lugonu.
127451 | Depths:4 | Escaped the Abyss
127453 | Depths:4 | Voluntarily entered the Abyss.
127489 | Abyss:4  | Found a corrupted altar of Lugonu.
127505 | Abyss:4  | Paralysed by accursed screaming for 1 turns
127509 | Depths:4 | Escaped the Abyss
127555 | Depths:4 | Voluntarily entered the Abyss.
127661 | Abyss:4  | Found a glowing golden altar of the Shining One.
127686 | Abyss:4  | Noticed a juggernaut
127694 | Abyss:4  | Killed a juggernaut
127704 | Abyss:4  | Got an abyssal rune of Zot
127771 | Abyss:4  | Found a corrupted altar of Lugonu.
127875 | Depths:4 | Escaped the Abyss
128121 | Orc:2    | Bought an amulet of faith for 560 gold pieces
128124 | Orc:2    | Bought a scroll of teleportation for 63 gold pieces
128124 | Orc:2    | Bought a scroll of vulnerability for 84 gold pieces
128126 | Orc:2    | Bought 2 scrolls of teleportation for 96 gold pieces
128126 | Orc:2    | Bought a scroll of teleportation for 48 gold pieces
128126 | Orc:2    | Bought a scroll of vulnerability for 64 gold pieces
128128 | Orc:2    | Bought a potion of brilliance for 76 gold pieces
128128 | Orc:2    | Bought 2 potions of curing for 114 gold pieces
128128 | Orc:2    | Bought a potion of heal wounds for 95 gold pieces
128128 | Orc:2    | Bought a potion of heal wounds for 95 gold pieces
128128 | Orc:2    | Bought a potion of mutation for 152 gold pieces
128128 | Orc:2    | Bought a potion of haste for 190 gold pieces
128131 | Orc:2    | Bought a potion of might for 168 gold pieces
128131 | Orc:2    | Bought a wand of charming (4) for 403 gold pieces
128131 | Orc:2    | Bought a scroll of immolation for 168 gold pieces
128141 | Orc:2    | Bought a shimmering pewter ring for 230 gold pieces
128141 | Orc:2    | Identified the ring "Awichotia" {rF+ rC+} (You bought it in
                  | a shop on level 2 of the Orcish Mines)
128141 | Orc:2    | Bought a wand of digging (8) for 1545 gold pieces
128149 | Orc:2    | Bought a potion of curing for 93 gold pieces
128149 | Orc:2    | Bought a potion of enlightenment for 155 gold pieces
128149 | Orc:2    | Bought a scroll of fog for 124 gold pieces
128149 | Orc:2    | Bought a wand of charming (4) for 297 gold pieces
128149 | Orc:2    | Bought a wand of charming (3) for 223 gold pieces
128318 | D:10     | Fell from the grace of Gozag
128318 | D:10     | Became a worshipper of Warmaster Okawaru
128684 | Tomb:1   | Entered Level 1 of the Tomb of the Ancients
129183 | Tomb:1   | Reached * piety under Okawaru
129487 | Tomb:1   | Noticed a royal mummy
129512 | Tomb:1   | Killed a royal mummy
129793 | Tomb:1   | Noticed a royal mummy
129998 | Tomb:1   | Noticed a royal mummy
130924 | Tomb:1   | Killed a royal mummy
131032 | Tomb:1   | Killed a royal mummy
131032 | Tomb:1   | Reached ** piety under Okawaru
131092 | Tomb:1   | Reached skill level 15 in Evocations
131739 | Zot:5    | Got the Orb of Zot
131847 | Zot:1    | Noticed Wikaf the pandemonium lord
131851 | Zot:1    | Noticed Gaumme the pandemonium lord
131854 | Zot:1    | Gained mutation: You are dopey. (Int -2) [a cacodemon]
131902 | Zot:1    | Killed Gaumme the pandemonium lord
132066 | Depths:3 | Gained mutation: You occasionally shout uncontrollably at
                  | your foes. [a cacodemon]
132093 | Depths:2 | Lost mutation: Your spells are a little harder to cast, but
                  | a little more powerful. [potion of mutation]
132093 | Depths:2 | Lost mutation: You are dopey. (Int -2) [potion of mutation]
132093 | Depths:2 | Lost mutation: You occasionally shout uncontrollably at
                  | your foes. [potion of mutation]
132093 | Depths:2 | Gained mutation: You are clumsy. (Dex -2) [potion of
                  | mutation]
132093 | Depths:2 | Gained mutation: Your flesh is heat resistant. (rF+)
                  | [potion of mutation]
132094 | Depths:2 | Lost mutation: You are clumsy. (Dex -2) [potion of
                  | mutation]
132094 | Depths:2 | Lost mutation: Your flesh is heat resistant. (rF+) [potion
                  | of mutation]
132094 | Depths:2 | Gained mutation: You have a pair of small antennae on your
                  | head. [potion of mutation]
132389 | D:2      | Noticed Faeqor the pandemonium lord
132403 | D:1      | Gained mutation: You occasionally lose the ability to read
                  | scrolls when taking damage. [a cacodemon]
132406 | D:1      | Noticed Ygukk the pandemonium lord
132409 | D:$      | Escaped with the Orb!

Illustrated notes

Levels and vault maps discovered:
D:1:      lightli_arrival_chessboard, layout_rooms, minmay_vboxes
D:2:      layout_loops_cross, hellmonk_ecumenical_altar_blasted, kennysheep_nub,
          uniq_sigmund, uniq_terence
D:3:      layout_basic, cheibriados_altar_1, serial_shops,
          nicolae_shop_bloodbath_and_beyond, uniq_grinder
D:4:      layout_basic, serial_shops, shop, gammafunk_ghost_mausoleum,
          hellmonk_no_cap, uniq_blork_the_orc
D:5:      layout_loops_cross, grunt_ministairs_5, goddamned_bats
D:6:      layout_rooms, minmay_quadrilaterals, uniq_duvessa
D:7:      layout_loops_ring, minmay_temple_entry_hall,
          lightli_bailey_entry_fortress, serial_glass, glass_columns_a,
          glass_columns_c
D:8:      layout_loops_ring, serial_undead, serial_undead_f, serial_undead_c,
          serial_undead_d, serial_undead_d, chequers_serial_rivers_micro_b,
          hangedman_decor_growths
D:9:      layout_layer_cave, erik_lair_orcish_takeover
D:10:     kennysheep_spiral_hall, layout_rooms, minitemple, chequers_big_river,
          uniq_urug
D:11:     layout_basic, david_orc_5
D:12:     layout_roguey, ploomutoo_gammafunk_ghost_potion_laboratory,
          nicolae_shop_firing_range, uniq_jorgrun, uniq_maurice, uniq_erolcha
D:13:     layout_roguey, serial_bayou_pond_e, hangedman_weighted_door,
          item_on_display_a, uniq_sonja, uniq_azrael
D:14:     layout_basic, david_vaults_4, enter_trove_5, serial_rivers,
          chequers_serial_rivers_room_b, chequers_serial_rivers_large_b,
          chequers_serial_rivers_micro_c, chequers_serial_rivers_room_b,
          chequers_serial_rivers_micro_d, nicolae_qazlal_eye_of_the_storm,
          lemuel_zombie_altar_yredelemnul
D:15:     grunt_enter_depths_magical_seal, layout_loops_ring,
          lightli_wizard_tower
Temple:   compressed_dpeg_triangle_lava_temple
Lair:1:   minmay_lair_oklob_chamber, layout_long_grid
Lair:2:   layout_chaotic_city
Lair:3:   layout_misc_corridors, alex1729_swamp_entry_worm_eleionoma,
          dummy_snake_entry, grunt_megastairs_3
Lair:4:   layout_long_grid, slime_entry_1, uniq_rupert
Lair:5:   hangedman_lair_tendril_chambers, layout_small_grid,
          hangedman_lair_caniforms_friends, gauntlet_entry_generic,
          pdpol_lair_neglected_garden, kilobyte_rumbling_trees
Swamp:1:  dpeg_oklob_gauntlet, layout_basic_swamp, evilmike_swamp_ruin_house_3,
          infiniplex_staircase_pool
Swamp:2:  layout_basic_swamp, evilmike_swamp_ruin_rubble_2, uniq_roxanne
Swamp:3:  layout_falls_marsh, lemuel_altar_in_water,
          nicolae_swamp_alligator_family
Swamp:4:  swamp, layout_basic_swamp, uniq_kirke, uniq_mara
Snake:1:  layout_layer_cave, ebering_ghost_inner_flame, serial_shops,
          nicolae_shop_peninsula, serial_bayou_shore_b, nicolae_integral_box
Snake:2:  layout_misc_corridors, serial_shops, nicolae_book_shop_shelving,
          uniq_vashnia, uniq_saint_roka
Snake:3:  layout_grid_maze, basic_altar, grunt_ministairs_15,
          serial_bayou_lake_a
Snake:4:  hellmonk_snake_rune_quicksilver_temple, layout_cave_town, drop_trap,
          nicolae_snake_dead_anacondas
Slime:1:  layout_caves
Slime:2:  layout_caves, cheibrodos_slime_lost_civilization_6
Slime:3:  layout_caves
Slime:4:  cheibrodos_slime_lost_civilization_9, layout_caves,
          nicolae_slime_barrier
Slime:5:  slime_pit_nicolae_jellycorners
Orc:1:    layout_caves, serial_shops
Orc:2:    grunt_orc_gardens, layout_diamond_mine, grunt_orc_garden,
          grunt_orc_garden, grunt_orc_garden, grunt_orc_garden,
          lemuel_statue_altar, minmay_orc_barracks
Elf:1:    nicolae_elf_arrival_fired_up, layout_geoelf_octagon,
          portal_desolation_entry_twin_temple, minmay_elf_demonology,
          dreamdust_mushroom_princess, hangedman_elf_targeted_burst
Elf:2:    nicolae_elf_blades_crystal_corner, layout_geoelf_grid,
          ebering_ghost_gozag, serial_shops, nicolae_shop_just_a_little_nook,
          drop_trap
Elf:3:    minmay_elf_hall_statues, layout_gridlike,
          portal_ice_cave_entry_frozen_things, serial_corexii_hall,
          corexii_hall_statues_l, corexii_hall_statues_deadend, door_vault
Vaults:1: mu_enter_wizlab_3, hangedman_vaults_trim, nicolae_vaults_prndl,
          hangedman_vaults_slice, ontoclasm_vaults_eye,
          nicolae_vaults_what_the_h, nicolae_vaults_little_squares_1,
          nicolae_vaults_taking_the_gang_shopping, nicolae_vaults_tetromino_L_1,
          layout_vaults_omnigrid, uniq_nikola
Vaults:2: nicolae_vaults_windows_and_doors_thing, vaults_dpeg_emergency_exit,
          nicolae_vaults_tetromino_T_1, vaults_room_grunt_arrival_checkpoint,
          vaults_mumra_minichess_inversion, ontoclasm_vaults_hangar,
          nicolae_vaults_storage_closets_1, nicolae_vaults_octothorpe,
          nicolae_vaults_house_2, st_eye, hangedman_vaults_snaps,
          nicolae_vaults_apartment_1, grunt_vaults_funnel,
          vaults_room_ringed_pool, nicolae_vaults_tetromino_Z_1,
          layout_vaults_omnibox
Vaults:3: nicolae_vaults_trapezoid_4, st_greater_box_5, v_rooms_1, v_pattern_2,
          grunt_vaults_twisty, ontoclasm_vaults_spin,
          nicolae_vaults_surprise_closet, vaults_dpeg_cross,
          nicolae_vaults_little_squares_1, nicolae_vaults_house_1,
          vaults_room_fours, nicolae_vaults_diagonal_hallway_9,
          ontoclasm_vaults_loading_screen, nicolae_vaults_tetromino_Z_1,
          layout_vaults_omnicross, minmay_crypt_entry_skeletal_spiral,
          uniq_xtahua
Vaults:4: nicolae_vaults_diamond_2, v_misc_2, nicolae_vaults_meiosis,
          hangedman_vaults_nails, dpeg_vaults_monster_row,
          vaults_standard_mumra_enter_the_diamond, hangedman_vaults_stagger,
          v_misc_17, nicolae_vaults_little_squares_4, layout_vaults_maze
Vaults:5: uniq_mennas, uniq_sojobo
Crypt:1:  layout_catacombs, minmay_large_rounded_square,
          grunt_crypt_arrival_webbed, grunt_megastairs_1, uniq_grunn
Crypt:2:  layout_misc_corridors, eino_tiny_chamber
Crypt:3:  due_elkab, layout_chaotic_city
Tomb:1
Depths:1: layout_roguey, hellmouth_2, hangedman_abyss_or_decor_clamps,
          serial_curves, eino_curves_03, eino_curves_04, eino_curves_01,
          tgw_lugonu_bribe
Depths:2: minmay_tile_spiral, layout_basic, enter_ziggurat_e, hell_entry,
          pan_entry, serial_glass, glass_columns_c, glass_columns_a, zin_purify,
          infiniplex_staircase_zigzag_2
Depths:3: nzn_winding_woodlands_medium [nzn_winding_woodlands_5x5_checkerboard,
          nzn_winding_woodlands_5x15_pool, nzn_winding_woodlands_5x5_perimeter,
          nzn_winding_woodlands_5x5_default,
          nzn_winding_woodlands_center_garden, nzn_winding_woodlands_hourglass,
          nzn_winding_woodlands_5x5_three, nzn_winding_woodlands_5x15_eye,
          nzn_winding_woodlands_5x5_open_star], layout_honeycomb, hell_entry,
          gammafunk_ghost_wrathful_warriors, serial_bayou_shore_a,
          abyss_entry_flame_altar, serial_bayou_shore_b, uniq_parghit
Depths:4: evilmike_zot_entry_gauntlet, layout_honeycomb,
          nicolae_dithmenos_the_darkroom, hell_entry, pan_entry, abyss_entry,
          serial_bayou_lagoon_a, door_vault
Zot:1:    layout_gridlike, st_stairs_2, grunt_megastairs_5
Zot:2:    layout_twisted_circle, uniq_tiamat
Zot:3:    layout_cellular_growth, gammafunk_ghost_grave, st_small_dragon_hoard_4
Zot:4:    gammafunk_sealed_arena, layout_twisted_circle, lemuel_baited_zot_trap
Zot:5:    layout_misc_corridors

Skill      XL: |  1  2  3  4  5  6  7  8  9 10 11 12 13 14 15 16 17 18 19 20 21 22 23 24 25 26 27 |
---------------+----------------------------------------------------------------------------------+-----
Short Blades   | 3 4 5 7 8 9 10 11 12 13 14 | 14.0
Shields        | 1 2 3 4 6 7 10 11 13 15 | 15.0
Evocations     | 1 4 5 6 8 11 13 14 15 | 15.0
Dodging        | 2 3 4 6 7 10 12 | 12.0
Stealth        | 6 7 8 9 10 12 13 15 17 | 17.0
Fighting       | 3 5 6 8 9 11 12 14 15 16 | 16.0
Hexes          | 2 6 9 11 12 14 15 17 18 19 20 | 20.0
Conjurations   | 1 4 5 7 8 10 | 10.0
Spellcasting   | 1 3 5 7 9 12 13 14 16 | 16.8
Transmutations | 1 3 4 5 7 |  7.0
Translocations | 4 5 7 |  7.0
Ice Magic      | 4 8 |  8.0
Summonings     | 4 5 |  5.0
Earth Magic    | 5 7 |  7.0
Necromancy     | 5 7 10 | 10.0
Invocations    | 1 5 9 12 17 20 | 20.5
Air Magic      | 3 18 | 18.0
Throwing       | |  2.0

Action                     |  1- 3 |  4- 6 |  7- 9 | 10-12 | 13-15 | 16-18 | 19-21 | 22-24 | 25-27 || total
---------------------------+-------+-------+-------+-------+-------+-------+-------+-------+-------++-------
  Melee: Dagger            |    55 |    82 |   263 |   551 |   343 |     1 |    61 |   433 |   538 ||  2327
         Constrict         |    16 |    20 |    64 |    60 |    79 |    71 |   114 |    31 |    43 ||   498
         Tentacles         |    13 |    22 |    84 |   158 |   267 |   178 |   272 |   159 |   177 ||  1330
         Punch             |       |     1 |     6 |    14 |    14 |    10 |    28 |    11 |    14 ||    98
         Short sword       |       |       |    19 |     8 |       |       |       |       |       ||    27
         Rapier            |       |       |       |       |   567 |   663 |   618 |       |       ||  1848
  Throw: Dart              |     5 |    13 |    22 |     6 |     4 |     5 |     2 |     3 |       ||    60
         Stone             |       |       |    26 |    55 |    89 |       |       |       |       ||   170
         Throwing net      |       |       |       |     1 |     1 |       |       |     1 |     2 ||     5
         Boomerang         |       |       |       |       |    21 |   107 |   129 |    34 |   132 ||   423
   Cast: Confusing Touch   |       |       |       |    61 |    21 |     5 |       |     1 |       ||    88
         Dazzling Flash    |       |       |       |    11 |    19 |       |       |       |       ||    30
         Ensorcelled Hiber |       |       |       |    18 |   180 |   151 |    14 |    16 |       ||   379
         Iskenderun's Myst |       |       |       |     7 |    71 |    81 |    96 |    47 |    57 ||   359
         Summon Guardian G |       |       |       |       |     5 |       |       |       |       ||     5
         Passwall          |       |       |       |       |    25 |     2 |     4 |     6 |    25 ||    62
         Enfeeble          |       |       |       |       |     3 |   122 |   100 |   103 |   179 ||   507
         Yara's Violent Un |       |       |       |       |       |    40 |    59 |    34 |    84 ||   217
         Tukima's Dance    |       |       |       |       |       |     6 |       |       |       ||     6
         Discord           |       |       |       |       |       |    49 |   144 |   147 |   203 ||   543
         Apportation       |       |       |       |       |       |    18 |    15 |     1 |   101 ||   135
         Lee's Rapid Decon |       |       |       |       |       |    13 |    38 |     3 |    38 ||    92
         Dispel Undead     |       |       |       |       |       |       |    19 |    38 |   243 ||   300
         Borgnjor's Vile C |       |       |       |       |       |       |     9 |       |     2 ||    11
         Passage of Golubr |       |       |       |       |       |       |       |     2 |       ||     2
         Sublimation of Bl |       |       |       |       |       |       |       |       |    35 ||    35
         Maxwell's Capacit |       |       |       |       |       |       |       |       |    48 ||    48
 Invoke: Potion Petition   |       |       |       |     1 |     6 |     7 |     7 |       |     9 ||    30
         Call Merchant     |       |       |       |       |       |       |       |       |    10 ||    10
  Evoke: Wand              |       |       |    18 |    13 |    12 |    17 |     1 |     3 |    10 ||    74
         Phantom mirror    |       |       |       |       |     2 |     3 |     1 |     2 |     3 ||    11
         Box of beasts     |       |       |       |       |       |     3 |     2 |     1 |     1 ||     7
         Condenser vane    |       |       |       |       |       |     3 |       |       |     2 ||     5
         Lightning rod     |       |       |       |       |       |     8 |     8 |       |    17 ||    33
         Phial of floods   |       |       |       |       |       |       |       |       |     2 ||     2
    Use: Scroll            |       |     3 |     6 |    11 |    18 |    11 |    12 |    12 |    22 ||    95
         Potion            |       |       |     2 |     3 |    11 |    12 |     4 |     3 |    26 ||    61
   Stab: Sleeping          |     6 |    15 |    22 |    31 |   144 |   126 |    26 |    45 |    67 ||   482
         Distracted        |       |     1 |       |     1 |     5 |     6 |     6 |     6 |     5 ||    30
         Confused          |       |       |       |    49 |    22 |     8 |       |     2 |       ||    81
         Invisible         |       |       |       |     9 |    17 |    43 |    61 |    87 |    98 ||   315
         Held in net/web   |       |       |       |       |     2 |       |       |       |     2 ||     4
         Petrified         |       |       |       |       |     2 |       |       |       |       ||     2
 Armour: Skin              |    13 |    24 |    84 |    98 |   238 |   261 |   235 |   107 |   190 ||  1250
  Dodge: Dodged            |    15 |    26 |   155 |   186 |   563 |   356 |   402 |   206 |   346 ||  2255
  Block: Buckler           |     2 |     7 |    82 |   136 |   374 |   297 |       |       |       ||   898
         Reflection        |       |       |     1 |     1 |     5 |    35 |    21 |    24 |    24 ||   111
         Kite shield       |       |       |       |       |       |       |   466 |   257 |   505 ||  1228

Table legend: (Time is in decaauts)
 A = Elapsed time spent in this place.
 B = Non-inter-level travel time spent in this place.
 C = Inter-level travel time spent in this place.
 D = Time resting spent in this place.
 E = Time spent auto-exploring this place.
 F = Levels seen in this place.
 G = Mean time per level.
                   A        B        C        D        E       F      G
               +--------+--------+--------+--------+--------+-----+--------+
         Total | 130946 | 120939 |  10007 |  19792 |  74861 |  69 | 1897.8 |
       Dungeon |  25461 |  22485 |   2976 |   1436 |  16356 |  15 | 1697.4 |
        Temple |     34 |     20 |     14 |      0 |      0 |   1 |   34.0 |
          Lair |  10128 |   9075 |   1053 |    664 |   6384 |   5 | 2025.6 |
         Swamp |   6788 |   6627 |    161 |   1302 |   4140 |   4 | 1697.0 |
     Snake Pit |  12617 |  11543 |   1074 |   2184 |   7321 |   4 | 3154.2 |
    Slime Pits |   5085 |   4877 |    208 |   1022 |   2849 |   5 | 1017.0 |
  Orcish Mines |   4138 |   3629 |    509 |    791 |   2117 |   2 | 2069.0 |
   Elven Halls |  11779 |  11183 |    596 |   2176 |   7078 |   3 | 3926.3 |
        Vaults |  14085 |  12787 |   1298 |   1269 |   8209 |   5 | 2817.0 |
         Crypt |   7519 |   7147 |    372 |    378 |   5474 |   3 | 2506.3 |
          Tomb |   2470 |   2429 |     41 |   1439 |    269 |   1 | 2470.0 |
        Depths |   8800 |   7837 |    963 |    868 |   5314 |   4 | 2200.0 |
           Zot |  12440 |  11703 |    737 |   3981 |   5604 |   5 | 2488.0 |
         Abyss |   1244 |   1244 |      0 |    211 |      0 |   6 |  207.3 |
         Trove |     89 |     89 |      0 |      0 |      1 |   1 |   89.0 |
        Bailey |    845 |    845 |      0 |    554 |     93 |   1 |  845.0 |
      Ice Cave |   1535 |   1535 |      0 |    204 |    952 |   1 | 1535.0 |
        Wizlab |   1535 |   1535 |      0 |    265 |   1000 |   1 | 1535.0 |
    Desolation |   3653 |   3653 |      0 |   1044 |   1209 |   1 | 3653.0 |
      Gauntlet |    693 |    693 |      0 |      0 |    488 |   1 |  693.0 |
               +--------+--------+--------+--------+--------+-----+--------+

Top non-repeatable levels by time:
   Zot:5: 4799 daAuts
Vaults:3: 4413 daAuts
  Lair:5: 4400 daAuts
   Elf:2: 4129 daAuts
 Snake:3: 4062 daAuts
   Elf:3: 4045 daAuts
Desolation: 3653 daAuts
   Elf:1: 3604 daAuts
 Snake:1: 3462 daAuts
 Snake:4: 3453 daAuts
    D:11: 3178 daAuts
Vaults:5: 3161 daAuts
    D:12: 3043 daAuts
 Crypt:1: 2926 daAuts
   Orc:2: 2809 daAuts
